AoeStats
← bert1028

Arena

508214612Analyzed
2v2 RM · 12d ago on Sep 21, 2026· 53m 47s· 4 players
Game mode
Random Map
Map size
Medium (4 player)
Population
200
Speed
Normal
Resources
Standard
Victory
Conquest
Starting age
Dark Age
Ending age
Imperial Age
RankedLock teamsTeams togetherTeam positionsShared explorationLock speedFull tech treeHidden civsTurbo modeCheats
Victory
Defeat
🇹🇼 Britons · Taiwan
1072
+15
🇹🇼 Sicilians · Taiwan
1070
+15
🇩🇴 Bohemians · Dominican Republic
1065
-16
🇹🇼 Spanish · Taiwan
1021
-14
小藍
11:24 Feudal Age
27:54 Castle Age
27:51 Loom
28:42 Wheelbarrow
28:56 Double-Bit Axe
29:51 Town Watch
39:51 Bloodlines
40:05 Husbandry
42:00 Scale Barding Armor
43:59 Forging
46:39 Chain Barding Armor
47:22 Scale Mail Armor
48:18 Bow Saw
Arietediron
9:23 Loom
11:48 Feudal Age
16:07 Castle Age
13:56 Double-Bit Axe
15:10 Fletching
16:40 Wheelbarrow
18:45 Chemistry
18:29 Fletching
18:56 Forging
20:35 Padded Archer Armor
21:45 Fletching
31:00 Leather Archer Armor
35:53 Scale Mail Armor
39:27 Ballistics
39:53 Husbandry
bert1028
7:18 Loom
9:42 Feudal Age
18:48 Fletching
22:13 Scale Mail Armor
23:42 Horse Collar
27:26 Wheelbarrow
32:52 Castle Age
30:45 Gold Mining
34:53 Elite Skirmisher
34:57 Pikeman
36:16 Bodkin Arrow
45:22 Chain Mail Armor
48:46 Forging
49:43 First Crusade
51:03 Iron Casting
53:28 Arson
53:43 Squires
56:21 Imperial Age
54:07 Hand Cart
Doge
11:28 Feudal Age
15:08 Castle Age
13:16 Double-Bit Axe
14:43 Horse Collar
16:40 Bow Saw
17:11 Heavy Plow
22:21 Stone Mining
23:45 Gold Mining
24:52 Wheelbarrow
24:12 Loom
28:27 Imperial Age
26:52 Gold Shaft Mining
26:37 Fletching
26:47 Padded Archer Armor
27:13 Bodkin Arrow
29:19 Yeomen
29:33 Ballistics
29:16 Bracer
29:45 Hand Cart
30:48 Conscription
32:23 Chemistry
31:40 Masonry
31:32 Town Watch
33:13 Forging
33:19 Leather Archer Armor
33:14 Scale Barding Armor
32:51 Elite Longbowman
33:54 Cavalier
35:43 Husbandry
36:50 Siege Engineers
37:15 Architecture
36:57 Fortified Wall
39:34 Chain Barding Armor
39:52 Iron Casting
41:33 Blast Furnace
41:11 Plate Barding Armor
43:06 Warwolf
43:42 Hoardings
46:11 Ring Archer Armor
52:02 Treadmill Crane
52:13 Heated Shot
52:18 Murder Holes
52:34 Clinker Construction
52:44 Shipwright
52:30 Siphons
52:15 Guard Tower
52:11 Arrowslits
52:37 Careening
53:40 Two-Man Saw
52:44 Town Patrol
52:49 Scale Mail Armor
53:59 Chain Mail Armor
Connection lost

Rejoining the realm…

Still unreachable

The connection could not be restored.

Session expired

The server has moved on; the page needs a fresh start.